 Dungeon Crawl Stone Soup version 0.21.1-1-g345015fe64 (webtiles) character file.

120 Mrkan the Shield-Bearer (level 4, -6/40 HPs)
             Began as a Minotaur Fighter on May 4, 2018.
             Mangled by an unseen horror (8 damage)
             ... on level 6 of the Dungeon.
             The game lasted 00:06:05 (1832 turns).

Mrkan the Shield-Bearer (Minotaur Fighter)          Turns: 1832, Time: 00:06:06

Health: -6/40      AC:  9    Str: 22    XL:     4   Next: 75%
Magic:  3/3        EV:  5    Int:  5    God:
Gold:   60         SH:  9    Dex:  9    Spells: 3/3 levels left

rFire    . . .     SeeInvis .   a - +0 war axe
rCold    . . .     Gourm    .   c - +0 shield
rNeg     . . .     Faith    .   g - +0 chain mail
rPois    .         Spirit   .   (helmet restricted)
rElec    .         Reflect  .   (no cloak)
rCorr    .         Harm     .   (no gloves)
MR       .....     Clarity  +   (no boots)
Stlth    ..........             (no amulet)
HPRegen  0.13/turn              (no ring)
MPRegen  0.08/turn              (no ring)

@: drained
A: retaliatory headbutt, horns 2, camouflage 1, clarity
a: no special abilities


You were on level 6 of the Dungeon.
You were not hungry.

You visited 1 branch of the dungeon, and saw 4 of its levels.

You collected 60 gold pieces.

Inventory:

Hand Weapons
 a - a +0 war axe (weapon)
Armour
 b - a +0 scale mail
 c - a +0 shield (worn)
 g - a +0 chain mail (worn)
Jewellery
 j - an uncursed ring of stealth {unknown}
Scrolls
 e - 2 scrolls of identify {unknown}
 i - a scroll of enchant armour {unknown}
 k - a scroll of enchant weapon {unknown}
 m - a scroll of blinking {unknown}
Potions
 d - a potion of might
 h - 3 potions of curing
Comestibles
 f - 4 rations
 n - a chunk of flesh


   Skills:
 + Level 4.0(3.1) Fighting
 * Level 4.4(3.5) Axes
 + Level 4.2(3.3) Armour
 + Level 0.2(0.0) Dodging
 + Level 4.6(3.7) Shields


You had 3 spell levels left.
You didn't know any spells.

Dungeon Overview and Level Annotations

Branches:
Dungeon (3/15)

Altars:
Dithmenos
Sif Muna


Innate Abilities, Weirdness & Mutations

You reflexively headbutt those who attack you in melee.
You have a pair of horns on your head.
Your skin changes colour to match your surroundings (Stealth+).
You possess an exceptional clarity of mind.


Message History

The wight hits you with a great sword.
* * * LOW HITPOINT WARNING * * *
An orc wizard, a quasit and a howler monkey come into view.
The quasit gives a chilling moan.
The orc wizard shouts!
The howler monkey howls!
The orc wizard mumbles some strange words.
The orc wizard seems to speed up.
The water moccasin bites you but does no damage.
The wight hits you with a great sword!
* * * LOW HITPOINT WARNING * * *
A vampire mosquito and a death knight come into view.
There is an open door, spattered with blood here.
The vampire mosquito buzzes angrily.
The orc wizard complains loudly.
The orc wizard casts a spell at you. You block the puff of flame.
The water moccasin barely misses you.
The orc wizard casts a cantrip, but nothing happens.
Found a scroll labeled XAOT ENULUGOCE.
Something hits you!
You die...

#†####
#....#.........
#....#.p...o...
#....#.5.....?.
#....#....y....
#....#.........
#....#.........
#?...#...h.....
#....#S@.......
#....z..r......
###############


You could see a death knight, a water moccasin, a vampire mosquito, a howler
monkey, a wight, an orc wizard, a quasit and a quokka.

Vanquished Creatures
  A hound (D:6)
  Jessica (D:2)
  3 adders (D:2)
  A worm (D:2)
  A leopard gecko (D:1)
  2 ball pythons
  3 bats
  3 goblins
  6 hobgoblins
  4 kobolds
  A quokka (D:2)
  3 frilled lizards
  10 rats
39 creatures vanquished.

Notes
Turn   | Place    | Note
-------+----------+-------------------------------------------
     0 | D:1      | Mrkan the Minotaur Fighter began the quest for the Orb.
     0 | D:1      | Reached XP level 1. HP: 19/19 MP: 0/0
   303 | D:1      | Reached XP level 2. HP: 27/27 MP: 1/1
  1031 | D:2      | Found a shadowy altar of Dithmenos.
  1033 | D:2      | Reached XP level 3. HP: 26/33 MP: 2/2
  1289 | D:2      | Noticed Jessica
  1294 | D:2      | Killed Jessica
  1294 | D:2      | Reached XP level 4. HP: 39/40 MP: 3/3
  1660 | D:2      | Found a deep blue altar of Sif Muna.
  1793 | D:3      | You fall through a shaft for 3 floors!
  1816 | D:6      | Gained mutation: You possess an exceptional clarity of mind. [potion of mutation]
  1816 | D:6      | Gained mutation: Your skin changes colour to match your surroundings (Stealth+). [potion of mutation]
  1829 | D:6      | Noticed a water moccasin
  1830 | D:6      | HP: 1/40 [wight/great sword (10)]
  1831 | D:6      | Noticed a death knight
  1831 | D:6      | Noticed a vampire mosquito
  1832 | D:6      | Mangled by an unseen horror

Skill      XL: |  1  2  3 |
---------------+----------+-----
Shields        | 4 |  4.6
Axes           | 3 4 |  4.4
Armour         | 4 |  4.2
Fighting       | 4 |  4.0
Dodging        | |  0.2

Action                   |  1- 3 |  4- 6 || total
-------------------------+-------+-------++-------
Melee: War axe           |    70 |    20 ||    90
       Headbutt          |    10 |     2 ||    12
  Use: Potion            |       |     2 ||     2
  Eat: Chunk             |     1 |     2 ||     3
Armor: Scale mail        |    14 |       ||    14
       Chain mail        |    25 |    16 ||    41
Dodge: Dodged            |    17 |     9 ||    26
Block: Shield            |    31 |    16 ||    47
